 Dungeon Crawl Stone Soup version 0.24-a0-272-g1411513 (webtiles) character file.

Game seed: 14651294649976539154

21522 wirefist the Basher (level 12, -4/122 HPs)
             Began as a Troll Fighter on Apr 25, 2019.
             Was the Champion of Okawaru.
             Killed from afar by a starcursed mass (10 damage)
             ... with an accursed screaming
             ... on level 4 of the Abyss.
             The game lasted 00:37:36 (12726 turns).

wirefist the Basher (Troll Fighter)                Turns: 12726, Time: 00:37:37

Health: -4/122     AC: 12    Str: 31    XL:     12   Next: 54%
Magic:  11/11      EV: 11    Int:  4    God:    Okawaru [******]
Gold:   615        SH: 26    Dex:  9    Spells: 11/11 levels left

rFire    . . .     SeeInvis +   a - +3 flail (crush)
rCold    . . .     Gourm    +   q - +0 large shield
rNeg     . . .     Faith    .   I - +1 steam dragon scales
rPois    .         Spirit   .   (helmet restricted)
rElec    .         Reflect  +   v - scarf {repulsion}
rCorr    .         Harm     .   (gloves unavailable)
MR       .....                  (boots unavailable)
Stlth    +.........             w - brooch of Shielding {Reflect SH+8}
HPRegen  0.00/turn              p - ring of see invisible
MPRegen  0.12/turn              N - +2 ring of protection

@: non-regenerating, badly diseased, lightly drained, repel missiles
A: large, unfitting armour, claws 3, fast metabolism 3, gourmand, regeneration
1, shaggy fur 1, tough skin 3
a: Heroism, Finesse, Renounce Religion


You were on level 4 of the Abyss.
You worshipped Okawaru.
Okawaru was exalted by your worship.
You were full.

You visited 3 branches of the dungeon, and saw 14 of its levels.
You visited the Abyss 1 time.
You also visited: Sewer.

You collected 615 gold pieces.

Inventory:

Hand Weapons
 a - a +3 flail of crushing (weapon)
 c - a +2 hunting sling of flaming
 j - a +2 morningstar of protection
 L - a +2 mace of crushing
Armour
 q - a +0 large shield (worn)
 v - a scarf of repulsion (worn)
 x - the +18 shield of the Gong {rElec rN+ MR+ EV-5}
   (You found it on level 2 of the Lair of Beasts)

   It affects your evasion (-5).
   It insulates you from electricity.
   It protects you from negative energy.
   It affects your resistance to hostile enchantments.
 B - a +2 robe of fire resistance
 I - +1 steam dragon scales (worn)
 K - the +3 large shield "Tofifrei" {rC+ Str-3 SInv}
   (Okawaru gifted it to you on level 10 of the Dungeon)

   It affects your strength (-3).
   It protects you from cold.
   It lets you see invisible.
Jewellery
 b - an uncursed ring of flight {unknown}
 p - a ring of see invisible (left claw)
 w - the brooch of Shielding (around neck) {Reflect SH+8}
   (You found it on level 4 of the Dungeon)

   [amulet of reflection]

   It shields you and reflects attacks.
   It affects your SH (+8).
 E - a +2 ring of strength
 N - a +2 ring of protection (right claw)
Wands
 y - a wand of iceblast (24)
 A - a wand of digging (2)
 C - a wand of disintegration (7)
 H - a wand of flame (24)
Scrolls
 h - 2 scrolls of identify
 k - 4 scrolls of fear
 n - 2 scrolls of amnesia
 o - 4 scrolls of fog
 r - 7 scrolls of teleportation
 z - 4 scrolls of remove curse
 F - a scroll of enchant weapon
 P - 2 scrolls of enchant armour
Potions
 d - 3 potions of might
 e - 6 potions of curing
 g - 4 potions of invisibility
 i - 3 potions of magic
 l - 3 potions of agility
 m - a potion of heal wounds
 s - 5 potions of flight
 t - a potion of lignification
 u - 2 potions of brilliance
 D - a potion of haste {unknown}
 J - a potion of mutation {unknown}
 Q - a potion of ambrosia {unknown}
Miscellaneous
 G - a phantom mirror
Comestibles
 f - 20 rations


   Skills:
 + Level 8.4(8.1) Fighting
 * Level 12.2(11.8) Maces & Flails
 + Level 8.4(8.1) Dodging
 + Level 8.5(8.1) Shields


You had 11 spell levels left.
You didn't know any spells.
Your spell library contained the following spells:

 Spells                   Type           Power        Failure   Level  Hunger
 Animate Skeleton         Necr           N/A          94%         1    ##.....
 Beastly Appendage        Tmut           #.....       94%         1    ##.....
 Confusing Touch          Hex            #.....       94%         1    ##.....
 Corona                   Hex            #......      94%         1    ##.....
 Pain                     Necr           #...         94%         1    ##.....
 Sandblast                Erth           #.....       94%         1    ##.....
 Sting                    Conj/Pois      #...         94%         1    ##.....
 Poisonous Vapours        Pois/Air       #.....       98%         2    ###....
 Sticks to Snakes         Tmut           #.......     98%         2    ###....
 Mephitic Cloud           Conj/Pois/Air  #.......     100%        3    ####...
 Portal Projectile        Hex/Tloc       #.....       100%        3    ####...
 Regeneration             Chrm/Necr      #.........   100%        3    ####...
 Spider Form              Tmut/Pois      #.........   100%        3    ####...
 Vampiric Draining        Necr           #.........   100%        3    ####...
 Animate Dead             Necr           N/A          100%        4    #####..
 Cause Fear               Hex            #.........   100%        4    #####..
 Ice Form                 Ice/Tmut       #.......     100%        4    #####..
 Olgreb's Toxic Radiance  Pois           #.......     100%        4    #####..
 Blade Hands              Tmut           #.........   100%        5    ######.
 Borgnjor's Vile Clutch   Necr/Erth      #.........   100%        5    ######.
 Silence                  Hex/Air        #.........   100%        5    ######.
 Venom Bolt               Conj/Pois      #.........   100%        5    ######.
 Darkness                 Hex            #.........   100%        6    #######
 Statue Form              Tmut/Erth      #........    100%        6    #######


Dungeon Overview and Level Annotations

Branches:
Dungeon (10/15)            Temple (1/1) D:6            Lair (3/6) D:10
 Shoals (0/4) Lair:3       Spider (0/4) Lair:2          Orc (0/2) D:10

Altars:
Ashenzari
Cheibriados
Dithmenos
Elyvilon
Fedhas
Gozag
Hepliaklqana
Kikubaaqudgha
Makhleb
Nemelex Xobeh
Okawaru
Qazlal
Ru
Sif Muna
Trog
Uskayaw
Vehumet
Wu Jian
Xom
Yredelemnul
Zin
The Shining One

Shops:
D:4 (   D:6 =

Annotations:
Lair:2 exclusion: oklob plant
Lair:3 Sonja


Innate Abilities, Weirdness & Mutations

You are too large for most types of armour.
You have claws for hands.
Your metabolism is lightning-fast.
You like to eat raw meat.
Your natural rate of healing is unusually fast.
You are covered in fur. (AC +1)
You have extremely tough skin. (AC +3)


Message History

Your shield prevents you from hitting the fire bat.
You block the fire bat's attack.
A starcursed mass comes into view.
You block the ancient zyme's attack. x2; You feel ill.
The starcursed mass misses you.
A starcursed mass splits.
You block the fire bat's attack.
A starcursed mass splits.
You feel ill.
A cacophony of accursed wailing tears at your sanity!
* * * LOW HITPOINT WARNING * * *
A starcursed mass splits.
You block the fire bat's attack.
A cacophony of accursed wailing tears at your sanity!
* * * LOW HITPOINT WARNING * * *
Unknown command.
You block the fire bat's attack.
You feel ill.
A worldbinder comes into view.
You block the fire bat's attack.
Unknown command.
The fire bat bites you but does no damage.
A deafening chorus of shrieks assaults your mind!
You die...

.#. # ..##. #... ...
... #. ....
.......##. ..##.
............# ......
............ #......
.X.....x...###.......
....X....b.#.@.......
#...... #bXXX##......
#..... ##.#.#..#.....
........xXX#...# ....
.......XXG..##.# ...
........≈≈## #... ..
....≈≈≈≈≈≈######.# .
..≈≈≈≈≈≈≈≈. .# .#
≈≈≈≈≈≈≈§≈♣#.## #


You could see 6 starcursed masses, an eye of devastation, an ancient zyme and a
fire bat.

Vanquished Creatures
  Snorg (D:10)
  Harold (D:8)
  3 hydras
  3 two-headed ogres
  Erica (D:8)
  A black mamba (Lair:2)
  Maurice (D:8)
  Joseph (D:9)
  Psyche (D:9)
  3 spiny frogs
  A rime drake (Lair:2)
  4 komodo dragons
  A troll (D:10)
  3 blink frogs (Lair:3)
  4 hippogriffs
  A snapping turtle (Lair:3)
  9 spriggans (Lair:1)
  16 yaks
  2 wyverns (D:10)
  3 basilisks
  A steam dragon (D:10)
  7 water moccasins
  Duvessa (D:7)
  3 porcupines
  3 orc warriors
  An ice beast (D:9)
  A black bear (D:7)
  A phantom (D:7)
  4 ogres
  3 centaurs
  10 crocodiles
  9 bullfrogs
  Dowan (D:7)
  6 scorpions
  8 killer bees
  8 wights
  3 electric eels (Lair:3)
  2 howler monkeys
  A centaur zombie (D:9)
  4 crimson imps
  2 hounds
  A quasit (D:9)
  A bullfrog zombie (D:8)
  4 jellies
  4 orc priests
  An iguana (D:6)
  5 orc wizards
  4 worker ants
  A hound zombie (D:10)
  A hound skeleton (D:8)
  2 worker ant zombies
  A gnoll (D:1)
  3 howler monkey skeletons
  14 adders
  2 river rats (D:5)
  A shadow imp (D:9)
  An ooze (D:2)
  An adder skeleton (D:4)
  An adder zombie (D:5)
  A worm (D:2)
  3 dart slugs (D:1)
  7 leopard geckos
  15 orcs
  6 giant cockroaches
  6 goblins
  5 hobgoblins
  8 jackals
  3 quokkas
  3 ball pythons
  11 bats
  7 frilled lizards
  A jackal zombie (D:8)
  10 kobolds
  A quokka zombie (D:5)
  8 rats
  A bush (Lair:2)
283 creatures vanquished.

Vanquished Creatures (others)
  2 centaurs
  A jackal zombie (D:7)
  3 bushes (Lair:2)
  2 fungi
  A lurking horror (Abyss:2)
  4 plants (Lair:2)
13 creatures vanquished.

Grand Total: 296 creatures vanquished

Notes
Turn   | Place    | Note
-------+----------+-------------------------------------------
     0 | D:1      | wirefist the Troll Fighter began the quest for the Orb.
     0 | D:1      | Reached XP level 1. HP: 22/22 MP: 0/0
    39 | D:1      | Reached skill level 2 in Maces & Flails
    63 | D:1      | Reached XP level 2. HP: 24/29 MP: 1/1
   280 | D:1      | Reached XP level 3. HP: 36/36 MP: 2/2
  1005 | D:2      | Reached XP level 4. HP: 39/44 MP: 3/3
  1521 | D:3      | Reached skill level 3 in Maces & Flails
  1761 | D:3      | Found a snail-covered altar of Cheibriados.
  2198 | D:4      | Reached XP level 5. HP: 48/53 MP: 4/4
  2222 | D:4      | Found the brooch of Shielding {Reflect SH+8}
  2461 | D:4      | Noticed an ogre
  2468 | D:4      | Killed an ogre
  2468 | D:4      | Reached XP level 6. HP: 37/61 MP: 5/5
  2533 | D:4      | Reached skill level 4 in Maces & Flails
  2541 | D:4      | You fall through a shaft for 3 floors!
  2699 | D:6      | Found a staircase to the Ecumenical Temple.
  2708 | Temple   | Entered the Ecumenical Temple
  2838 | Temple   | Became a worshipper of Warmaster Okawaru
  2905 | D:5      | Entered Level 5 of the Dungeon
  2959 | D:5      | Reached XP level 7. HP: 24/68 MP: 6/6
  3483 | D:5      | Found a glowing drain.
  3487 | Sewer    | Entered a sewer
  4260 | D:5      | Reached skill level 5 in Maces & Flails
  4559 | D:4      | Found a bloodstained altar of Trog.
  4837 | D:4      | Found Aleo's Weapon Boutique.
  4851 | D:4      | Reached * piety under Okawaru
  5133 | D:5      | Reached XP level 8. HP: 62/78 MP: 7/7
  5390 | D:6      | Found Mahaedghu's Jewellery Emporium.
  5866 | D:7      | Reached skill level 6 in Maces & Flails
  6480 | D:7      | Noticed a hippogriff
  6506 | D:7      | Killed a hippogriff
  6506 | D:7      | Reached ** piety under Okawaru
  6509 | D:7      | Noticed Duvessa
  6512 | D:7      | Noticed Dowan
  6539 | D:7      | Killed Duvessa
  6553 | D:7      | Killed Dowan
  6894 | D:7      | Identified a scroll of acquirement
  6914 | D:8      | Noticed Maurice
  7160 | D:7      | Reached skill level 5 in Dodging
  7160 | D:7      | Reached skill level 5 in Shields
  7172 | D:7      | Reached skill level 5 in Fighting
  7172 | D:7      | Reached skill level 7 in Maces & Flails
  7172 | D:7      | Reached XP level 9. HP: 88/88 MP: 8/8
  7251 | D:8      | Killed Maurice
  7296 | D:8      | Reached *** piety under Okawaru
  7526 | D:8      | Noticed Harold
  7539 | D:8      | Killed Harold
  7539 | D:8      | Reached skill level 8 in Maces & Flails
  7540 | D:8      | Noticed Erica
  7549 | D:8      | Killed Erica
  7627 | D:8      | Reached **** piety under Okawaru
  7627 | D:8      | Reached XP level 10. HP: 95/98 MP: 9/9
  8262 | D:9      | Noticed a two-headed ogre
  8278 | D:9      | Killed a two-headed ogre
  8278 | D:9      | Reached skill level 9 in Maces & Flails
  8478 | D:9      | Noticed Joseph
  8492 | D:9      | Killed Joseph
  8610 | D:9      | Noticed Psyche
  8692 | D:9      | Killed Psyche
  8692 | D:9      | Reached ***** piety under Okawaru
  8983 | D:10     | Entered Level 10 of the Dungeon
  9099 | D:10     | Noticed a two-headed ogre
  9111 | D:10     | Received a gift from Okawaru
  9112 | D:10     | Got a faintly glowing large shield {god gift}
  9123 | D:10     | Identified the +3 large shield "Tofifrei" {rC+ Str-3 SInv}
                  | (Okawaru gifted it to you on level 10 of the Dungeon)
  9135 | D:10     | Killed a two-headed ogre
  9135 | D:10     | Reached skill level 10 in Maces & Flails
  9147 | D:10     | Reached XP level 11. HP: 95/107 MP: 8/10
  9354 | D:10     | Found a staircase to the Orcish Mines.
  9403 | D:10     | Noticed Snorg
  9440 | D:10     | Killed Snorg
  9756 | D:10     | Found a staircase to the Lair.
  9823 | D:10     | Noticed a two-headed ogre
  9835 | D:10     | Killed a two-headed ogre
  9971 | Lair:1   | Entered Level 1 of the Lair of Beasts
  9999 | Lair:1   | Noticed a six-headed hydra
 10123 | Lair:1   | Killed a six-headed hydra
 10206 | Lair:1   | Reached skill level 11 in Maces & Flails
 10212 | Lair:1   | Found a deep blue altar of Sif Muna.
 10238 | D:10     | Received a gift from Okawaru
 10417 | Lair:1   | Noticed an eight-headed hydra
 10429 | Lair:1   | Killed an eight-headed hydra
 10493 | Lair:1   | Reached ****** piety under Okawaru
 10529 | Lair:1   | Reached XP level 12. HP: 119/119 MP: 11/11
 10905 | Lair:1   | Identified Sif Muna's Handbook of Bewitchment
 11134 | Lair:2   | Found the +18 shield of the Gong {rElec rN+ MR+ EV-5}
 11247 | Lair:2   | Noticed a six-headed hydra
 11262 | Lair:2   | Killed a six-headed hydra
 11262 | Lair:2   | Received a gift from Okawaru
 11312 | Lair:2   | Reached skill level 12 in Maces & Flails
 11316 | Lair:2   | Received a gift from Okawaru
 11534 | Lair:2   | Found a hole to the Spider Nest.
 12045 | Lair:3   | Noticed Sonja
 12144 | Lair:3   | Identified the Papyrus of Earth and Poisoning
 12370 | Lair:3   | Found a staircase to the Shoals.
 12465 | Lair:3   | Cast into level 2 of the Abyss (Sonja)
 12529 | Abyss:2  | Noticed a lich
 12535 | Abyss:2  | Noticed a red very ugly thing
 12535 | Abyss:2  | Noticed a red very ugly thing
 12548 | Abyss:3  | Found a corrupted altar of Lugonu.
 12704 | Abyss:4  | Noticed a starcursed mass
 12717 | Abyss:4  | Paralysed by accursed screaming for 1 turns
 12719 | Abyss:4  | Noticed a starcursed mass
 12721 | Abyss:4  | HP: 6/122 [starcursed mass/accursed screaming (15)]
 12726 | Abyss:4  | Killed from afar by a starcursed mass

Levels and vault maps discovered:
D:1:      shiori_arrival_maze, layout_rooms
D:2:      layout_loops_corners
D:3:      layout_loops_cross, cheibriados_altar_1
D:4:      layout_loops_ring, lightli_temple_of_fire, serial_shops,
          kennysheep_little_box
D:5:      layout_basic, first_ration, gup_sewer_entry_bowl,
          guppyfry_early_lair_pool
D:6:      layout_cave_pools, lemuel_temple_firewalk_b, serial_shops,
          nicolae_shop_waterfront, serial_rivers, chequers_serial_rivers_room_b,
          chequers_serial_rivers_micro_b, chequers_serial_rivers_micro_e,
          chequers_serial_rivers_large_a, chequers_serial_rivers_micro_a,
          chequers_serial_rivers_micro_d
D:7:      layout_basic, grunt_ogre_cave, uniq_duvessa
D:8:      layout_layer_cave, uniq_maurice, uniq_erica, uniq_harold
D:9:      layout_irregular_city, uniq_psyche, uniq_joseph
D:10:     layout_loops_ring, lair_entry_dummy, david_orc_2, uniq_snorg
Temple:   kilobyte_greek_temple
Lair:1:   kb_forest_paths, layout_misc_corridors, basic_altar
Lair:2:   layout_gridlike, spider_nest_entry_web_field,
          chequers_serial_rivers_micro_a, minmay_hedge_maze,
          minmay_lair_oklob_chamber
Lair:3:   layout_regular_city, minmay_shoals_entry_hut,
          infiniplex_staircase_pool_2, serial_bayou_shore_a, uniq_sonja
Abyss:2
Abyss:3:  evilmike_abyss_exit_16, evilmike_abyss_exit_15
Abyss:4:  evilmike_abyss_exit_chaos, due_evilmike_abyss_rune_seething_liches
Sewer:    sewer_fruit_machine

Skill      XL: |  1  2  3  4  5  6  7  8  9 10 11 12 |
---------------+-------------------------------------+-----
Maces & Flails | 2 3 4 5 7 8 10 11 12 | 12.2
Shields        | 3 4 5 6 7 8 |  8.5
Fighting       | 3 4 5 6 7 8 |  8.4
Dodging        | 3 4 5 6 7 8 |  8.4

Action                   |  1- 3 |  4- 6 |  7- 9 | 10-12 || total
-------------------------+-------+-------+-------+-------++-------
Melee: Flail             |   142 |   220 |   306 |   243 ||   911
       Morningstar       |       |       |   100 |   595 ||   695
Invok: Heroism           |       |       |     2 |     8 ||    10
  Use: Scroll            |       |     8 |    12 |     9 ||    29
       Potion            |       |     2 |     2 |     1 ||     5
 Stab: Sleeping          |       |     1 |       |       ||     1
  Eat: Chunk             |    15 |    19 |    32 |    48 ||   114
       Ration            |       |       |     2 |     1 ||     3
Armor: Robe              |    70 |    82 |    84 |    46 ||   282
       Steam dragon scal |       |       |       |    98 ||    98
       Skin              |       |       |       |    16 ||    16
Dodge: Dodged            |    55 |    79 |    74 |   130 ||   338
       Deflected         |       |       |     1 |     3 ||     4
Block: Shield            |    89 |   159 |   171 |   205 ||   624
       Large shield      |       |       |   322 |   787 ||  1109
       Reflection        |       |       |     7 |    22 ||    29
       Other             |       |       |       |     2 ||     2

Table legend:
 A = Non-vault XP
 B = Vault XP
 C = Vault XP percentage of total XP
 D = Non-vault monster count
 E = Vault monster count
 F = Vault count percentage of total count
                 A         B        C        D         E       F
            +---------+---------+-------+---------+---------+-------
      Total |   22261 |    8486 |  27.6 |     230 |      54 |  19.0
            +---------+---------+-------+---------+---------+-------
        D:1 |      54 |       5 |   8.5 |      24 |       2 |   7.7
        D:2 |      52 |       0 |   0.0 |      16 |       0 |   0.0
        D:3 |      74 |       0 |   0.0 |      14 |       0 |   0.0
        D:4 |     393 |       0 |   0.0 |      19 |       0 |   0.0
        D:5 |     730 |      58 |   7.4 |      21 |       6 |  22.2
        D:6 |     185 |       0 |   0.0 |       6 |       0 |   0.0
        D:7 |     888 |     339 |  27.6 |      10 |       3 |  23.1
        D:8 |    1004 |    2147 |  68.1 |      19 |       3 |  13.6
        D:9 |    1685 |     909 |  35.0 |      16 |       2 |  11.1
       D:10 |    6789 |    1401 |  17.1 |      44 |       7 |  13.7
     Lair:1 |    3798 |    2668 |  41.3 |      14 |      13 |  48.1
     Lair:2 |    5055 |     668 |  11.7 |      17 |       4 |  19.0
     Lair:3 |    1554 |     259 |  14.3 |      10 |       1 |   9.1
      Sewer |       0 |      32 | 100.0 |       0 |      13 | 100.0
            +---------+---------+-------+---------+---------+-------
